 Dungeon Crawl Stone Soup version 0.28.0-45-g0d030f2227 (webtiles) character file.

Game seed: 10234418414320058223

18 Ablot the Grasshopper (level 2, 0/26 HPs)
             Began as a Gnoll Warper on Apr 10, 2022.
             Slain by an adder (2 damage)
             ... on level 2 of the Dungeon.
             The game lasted 00:00:47 (717 turns).

Ablot the Grasshopper (Gnoll Warper)                 Turns: 717, Time: 00:00:48

Health: 0/26       AC:  3    Str: 10    XL:     2   Next: 66%
Magic:  7/7        EV:  9    Int: 12    God:
Gold:   14         SH:  0    Dex: 11    Spells: 8/10 levels left

rFire   . . .      SeeInvis .   a - +0 spear
rCold   . . .      Faith    .   (no shield)
rNeg    . . .      Spirit   .   b - +0 leather armour
rPois   .          Reflect  .   (no helmet)
rElec   .          Harm     .   (no cloak)
rCorr   .          Rampage  .   (no gloves)
Will    .....                   (no boots)
Stlth   +.........              (no amulet)
HPRegen 0.08/turn               (no ring)
MPRegen 0.10/turn               (no ring)

@: constricted
A: fangs 1, strong nose, distributed training
a: no special abilities


You were on level 2 of the Dungeon.
You visited 1 branch of the dungeon, and saw 2 of its levels.

You collected 14 gold pieces.

Inventory:

Hand Weapons
 a - a +0 spear (weapon)
Missiles
 d - 5 boomerangs of dispersal (quivered)
 e - 12 arrows
 h - 27 stones
Armour
 b - a +0 leather armour (worn)
Scrolls
 c - a scroll of blinking
 i - a scroll of vulnerability {unknown}
Potions
 f - a potion of mutation {unknown}
 g - a potion of flight {unknown}


   Skills:
 + Level 4.5 Fighting
 + Level 0.5 Short Blades
 + Level 0.5 Long Blades
 + Level 0.5 Axes
 + Level 0.5 Maces & Flails
 + Level 4.5 Polearms
 + Level 0.5 Staves
 + Level 0.5 Slings
 + Level 0.5 Bows
 + Level 0.5 Crossbows
 + Level 2.5 Throwing
 + Level 2.5 Armour
 + Level 4.5 Dodging
 + Level 0.5 Stealth
 + Level 0.5 Shields
 + Level 0.5 Unarmed Combat
 + Level 4.9 Spellcasting
 + Level 0.3 Conjurations
 + Level 0.3 Hexes
 + Level 0.3 Summonings
 + Level 0.3 Necromancy
 + Level 5.3 Translocations
 + Level 0.3 Transmutations
 + Level 0.3 Fire Magic
 + Level 0.3 Ice Magic
 + Level 0.3 Air Magic
 + Level 0.3 Earth Magic
 + Level 0.3 Poison Magic
 + Level 0.6 Invocations
 + Level 0.5 Evocations


You had 8 spell levels left.
You knew the following spells:

 Your Spells              Type           Power      Damage    Failure   Level
a - Blink                 Tloc           30%        N/A       4%          2

Your spell library contained the following spells:

 Spells                   Type           Power      Damage    Failure   Level
 Gell's Gravitas          Tloc           15%        N/A       9%          3
 Lesser Beckoning         Tloc           15%        N/A       9%          3
 Teleport Other           Tloc           15%        N/A       9%          3
 Foxfire                  Conj/Fire      12%        2x1d4     22%         1
 Conjure Flame            Conj/Fire      3%         6-21      56%         3
 Inner Flame              Hex/Fire       3%         N/A       56%         3
 Manifold Assault         Tloc           15%        N/A       63%         5
 Flame Wave               Conj/Fire      3%         2d4       92%         4


Dungeon Overview and Level Annotations

Branches:
Dungeon (2/15)

Altars:


Innate Abilities, Weirdness & Mutations

You have very sharp teeth.
Your uncanny sense of smell can sniff out nearby items.
Your experience applies equally to all skills.


Message History

The ball python misses you.
You miss the adder. The adder bites you but does no damage.
The ball python closely misses you. The ball python grabs you.
The ball python constricts you.
You hit the ball python but do no damage.
The adder closely misses you. The ball python bites you.
The ball python constricts you. The adder bites you.
You closely miss the ball python. The ball python bites you.
The ball python constricts you. The adder bites you but does no damage.
You are too injured to fight recklessly!
You are too injured to fight recklessly!
You are too injured to fight recklessly!
You are too injured to fight recklessly!
You are too injured to fight recklessly!
You are too injured to fight recklessly!
You are too injured to fight recklessly!
You are too injured to fight recklessly!
You are too injured to fight recklessly!
You are too injured to fight recklessly!
You are too injured to fight recklessly!
You are too injured to fight recklessly!
You are too injured to fight recklessly!
You are too injured to fight recklessly!
You are too injured to fight recklessly!
You are too injured to fight recklessly!
You are too injured to fight recklessly!
You miss the adder. Your bite misses the adder. The ball python bites you.
The ball python constricts you. The adder bites you.
* * * LOW HITPOINT WARNING * * *
You miss the adder. The ball python bites you.
* * * LOW HITPOINT WARNING * * *
The ball python constricts you. The adder bites you but does no damage.
You miss the adder. The ball python bites you.
* * * LOW HITPOINT WARNING * * *
The ball python constricts you.
* * * LOW HITPOINT WARNING * * *
The adder barely misses you.
You miss the adder. The ball python closely misses you.
The ball python constricts you. The adder bites you.
You die...

< ####.##### ...
.......<.###.....
...#..##S@SS.....
## #####..... ...
# ∆


You could see an adder and 2 ball pythons.

Vanquished Creatures
  2 endoplasms (D:1)
  A goblin (D:1)
  5 ball pythons (D:1)
  3 bats (D:1)
  A frilled lizard (D:1)
  4 kobolds (D:1)
  4 rats (D:1)
20 creatures vanquished.

Notes
Turn   | Place    | Note
-------+----------+-------------------------------------------
     0 | D:1      | Ablot the Gnoll Warper began the quest for the Orb.
     0 | D:1      | Reached XP level 1. HP: 20/20 MP: 6/6
   101 | D:1      | Reached XP level 2. HP: 26/26 MP: 7/7
   104 | D:1      | Learned a level 2 spell: Blink
   717 | D:2      | Slain by an adder

Illustrated notes

Levels and vault maps discovered:
D:1:      onia_arrival_handbag, layout_loops_ring, nrook_mini_vaults
D:2:      layout_loops_cross, basic_altar, dk_noncrumbling_3

Action                   || total
-------------------------++-------
Melee: Spear             ||    75
       Bite              ||     5
       Punch             ||     1
 Stab: Sleeping          ||     1
Armor: Leather armour    ||    14
Dodge: Dodged            ||    35
